 Dungeon Crawl Stone Soup version 0.19.5 (webtiles) character file.

21 tilp the Cudgeler (level 2, 0/43 HPs)
             Began as a Troll Berserker on Mar 22, 2017.
             Was a Follower of Trog.
             Succumbed to a kobold's poison
             ... on level 1 of the Dungeon.
             The game lasted 00:02:30 (417 turns).

tilp the Cudgeler (Troll Berserker)                  Turns: 417, Time: 00:02:31

Health: 0/43       AC:  5    Str: 29    XL:     2   Next: 65%
Magic:  1/1        EV: 10    Int:  3    God:    Trog [*.....]
Gold:   9          SH:  0    Dex:  9    Spells: 0 memorised, 1 level left

rFire  . . .     SeeInvis .     a - +0 mace
rCold  . . .     Gourm    +     b - +0 animal skin
rNeg   . . .     Faith    .     (no shield)
rPois  .         Spirit   .     (helmet restricted)
rElec  .         Reflect  .     (no cloak)
rCorr  .         Harm     .     (gloves unavailable)
MR     .....                    (boots unavailable)
Stlth  ..........               (no amulet)
                                (no ring)
                                (no ring)

@: berserking, lethally poisoned (0 -> -9), very quick
A: unfitting armour, claws 3, fast metabolism 3, gourmand, regeneration 1,
shaggy fur 1, tough skin 2
a: Berserk, Burn Spellbooks, Renounce Religion


You were on level 1 of the Dungeon.
You worshipped Trog.
Trog was aware of your devotion.
You were not hungry.

You visited 1 branch of the dungeon, and saw 1 of its levels.

You collected 9 gold pieces.

Inventory:

Hand Weapons
 a - a +0 mace (weapon)
Armour
 b - a +0 animal skin (worn)
Jewellery
 e - an uncursed amulet of guardian spirit {unknown}
 i - an uncursed ring of magical power {unknown}
Scrolls
 d - 2 scrolls of blinking {unknown}
 h - a scroll of recharging {unknown}
Potions
 f - 2 potions of cancellation {unknown}
 g - 2 potions of berserk rage {unknown}
 j - a potion of might {unknown}
Comestibles
 c - 4 bread rations


   Skills:
 + Level 2.7 Fighting
 + Level 3.1 Maces & Flails
 + Level 2.6 Dodging


You had one spell level left.
You didn't know any spells.

Dungeon Overview and Level Annotations

Branches:
Dungeon (1/15)

Altars:
Xom


Innate Abilities, Weirdness & Mutations

You are too large for most types of armour.
You have claws for hands.
Your metabolism is lightning-fast.
You like to eat raw meat.
Your natural rate of healing is unusually fast.
You are covered in fur. (AC +1)
You have very tough skin. (AC +2)


Message History

You feel sick. The bat barely misses you.
You closely miss the bat.
* * * LOW HITPOINT WARNING * * *
You feel very sick. The bat hits you but does no damage.
A red film seems to cover your vision as you go berserk!
You feel yourself moving faster!
You feel mighty!
You feel a lot more hungry.
* * * LOW HITPOINT WARNING * * *
You feel sick. The bat misses you.
You feel a strong urge to attack something.
* * * LOW HITPOINT WARNING * * *
You feel sick. The bat hits you but does no damage.
You barely miss the bat.
* * * LOW HITPOINT WARNING * * *
You feel sick. The bat hits you but does no damage.
* * * LOW HITPOINT WARNING * * *
You feel sick. The bat hits you.
* * * LOW HITPOINT WARNING * * *
You barely miss the bat.
You die...

........# .#≈..###.........
........# #.#..##...##.....
###.....# #.###.#.#..#..... #
#.....#########.###.#........##
#
##.......#..........#........#
# ##.....###........##.#......#
# ##.#.......)...............##
#
#..#.#.##..........#.#...[.###
#
#.##.#.##....@.....#.##.).....
#.#..#.#....(b.....#.#........
#...##.#...........#..........
#..###.#.#........##..........
####.(#
#...##......###........(.
.....####.###########
#.......... .###...†.>.....#
#.......... .....##........#
#......####
#.##...........########....#.#


You could see a bat.

Vanquished Creatures
  An ooze (D:1)
  2 giant cockroaches (D:1)
  A hobgoblin (D:1)
  3 jackals (D:1)
  3 kobolds (D:1)
  2 goblins (D:1)
  3 rats (D:1)
15 creatures vanquished.

Notes
Turn   | Place    | Note
-------+----------+-------------------------------------------
     0 | D:1      | tilp the Troll Berserker began the quest for the Orb.
     0 | D:1      | Reached XP level 1. HP: 22/22 MP: 0/0
    51 | D:1      | Found a shimmering altar of Xom.
   124 | D:1      | Reached skill level 3 in Maces & Flails
   124 | D:1      | Reached XP level 2. HP: 22/29 MP: 1/1
   416 | D:1      | HP: 2/43 [bat (1)]
   417 | D:1      | Succumbed to a kobold's poison

Skill      XL: |  1 |
---------------+----+-----
Maces & Flails | 3 |  3.1
Fighting       | |  2.7
Dodging        | |  2.6

Action                   || total
-------------------------++-------
Melee: Mace              ||    61
Invok: Berserk           ||     1
  Eat: Chunk             ||     3
Armor: Animal skin       ||    36
Dodge: Dodged            ||    42
